 Dungeon Crawl Stone Soup version 0.18.1-47-g9310371 (webtiles) character file.

898 santipi the Stinger (level 7, -3/50 HPs)
             Began as a Grey Draconian Venom Mage on June 13, 2016.
             Was a Follower of Fedhas.
             Killed by divine providence
             ... invoked by an orc priest
              (16 damage)
             ... on level 6 of the Dungeon.
             The game lasted 00:39:39 (6264 turns).

santipi the Stinger (Grey Draconian Venom Mage)     Turns: 6264, Time: 00:39:42

Health: -3/50      AC: 11    Str: 10    XL:     7   Next: 79%
Magic:  6/11       EV: 13    Int: 16    God:    Fedhas [*.....]
Gold:   198        SH:  0    Dex: 13    Spells: 3 memorised, 2 levels left

rFire  . . .     SeeInvis .     i - -3 dagger (curse)
rCold  . . .     Gourm    .     (armour unavailable)
rNeg   . . .     Faith    +     (no shield)
rPois  .         Spirit   .     (helmet restricted)
rElec  .         Dismiss  .     (no cloak)
rCorr  +         Reflect  .     (no gloves)
SustAt .         Harm     .     (no boots)
MR     .....                    c - amulet of faith
Stlth  ++........               (no ring)
                                h - ring of resist corrosion

@: not resistant to hostile enchantments, unstealthy
A: walk through water, unfitting armour, unbreathing, cold-blooded, AC +11
a: Evolution, Renounce Religion


You were on level 6 of the Dungeon.
You worshipped Fedhas.
Fedhas was aware of your devotion.
You were not hungry.

You visited 1 branch of the dungeon, and saw 6 of its levels.

You collected 198 gold pieces.

Inventory:

Hand Weapons
 i - a cursed -3 dagger (weapon)
 m - the +7 hand axe of Symmetry {speed, MP+9 Str+5 Int+3, unknown}
   (You found it on level 4 of the Dungeon)

   Attacks with this weapon are significantly faster.
   It affects your strength (+5).
   It affects your intelligence (+3).
   It affects your magic capacity (+9).
Jewellery
 c - an amulet of faith (around neck)
 e - an uncursed amulet of dismissal {unknown}
 h - a ring of resist corrosion (left hand)
 t - a cursed -2 ring of dexterity {unknown}
 x - an uncursed ring of see invisible {unknown}
Wands
 g - a wand of slowing (35/48)
 k - a wand of enslavement (15/24)
 l - a wand of paralysis (7/24)
 q - a wand of acid (6/15)
 w - a wand of iceblast (6/15)
Potions
 d - a potion of cancellation
 n - 2 potions of magic {unknown}
 o - a potion of flight {unknown}
 p - a potion of resistance {unknown}
 s - a potion of lignification {unknown}
 v - a potion of invisibility {unknown}
Books
 a - a Young Poisoner's Handbook

   Spells                             Type                      Level
   a - Sting                          Conjuration/Poison           1
   b - Cure Poison                    Poison                       2
   c - Mephitic Cloud                 Conjuration/Poison/Air       3
   d - Olgreb's Toxic Radiance        Poison                       4
   e - Venom Bolt                     Conjuration/Poison           5
 j - a book of Geomancy

   Spells                             Type                      Level
   a - Sandblast                      Earth                        1
   b - Passwall                       Transmutation/Earth          2
   c - Stone Arrow                    Conjuration/Earth            3
   d - Petrify                        Transmutation/Earth          4
   e - Lee's Rapid Deconstruction     Earth                        5
Comestibles
 b - 2 bread rations
 f - a meat ration
 u - a royal jelly


   Skills:
 - Level 2.8 Dodging
 - Level 1.7 Stealth
 - Level 2.7 Spellcasting
 - Level 6.0 Conjurations
 - Level 1.2 Air Magic
 + Level 6.4 Poison Magic


You had 2 spell levels left.
You knew the following spells:

 Your Spells              Type           Power        Failure   Level  Hunger
a - Sting                 Conj/Pois      ###.         1%          1    #......
b - Mephitic Cloud        Conj/Pois/Air  ###.....     12%         3    ###....
c - Venom Bolt            Conj/Pois      ###.......   50%         5    ######.


Dungeon Overview and Level Annotations

Branches:
Dungeon (6/15)             Temple (0/1) D:4

Altars:
Cheibriados
Fedhas
Kikubaaqudgha


Innate Abilities, Weirdness & Mutations

You can walk through water.
Your dull iron-grey scales are very hard (AC +11).
Your body does not fit into most forms of armour.
You can survive without breathing.
You are cold-blooded and may be slowed by cold attacks.


Message History

Aim: a gnoll, wielding a spear (severely wounded)
The sting hits the gnoll.
The gnoll is poisoned.
The gnoll is almost dead.
Your wandering mushroom releases spores at the gnoll.
The gnoll is engulfed in a cloud of spores!
The gnoll hits you but does no damage. x2
The orc priest miscasts a cantrip.
Casting: Sting
Confirm with . or Enter, or press ? or * to list all spells.
Aiming: Sting
Press: ? - help, Shift-Dir - straight line, f - gnoll, p - gnoll
Aim: a gnoll (lightly wounded)
The sting hits the gnoll.
The gnoll is poisoned.
The gnoll is lightly wounded.
Your wandering mushroom barely misses the gnoll.
The gnoll closely misses you. The gnoll hits you but does no damage.
The orc priest calls down the wrath of Beogh upon you.
Beogh smites you!
You die...
Fedhas appreciates your contribution to the ecosystem.

....... #......
#.....$ #.....
#....
..##...########..
..........g....#.
#.......)@.......
##......fgo......
#................
#................
#................
#>.............##
#............###
#....#...#..##


You could see an orc priest, 2 gnolls and a friendly wandering mushroom.

Vanquished Creatures
  An ogre (D:4)
  A centaur (D:5)
  A big kobold (D:5)
  A scorpion (D:4)
  3 hounds
  A jelly (D:5)
  2 orc priests
  2 orc wizards
  A giant frog skeleton (D:4)
  A worker ant (D:3)
  5 gnolls
  4 adders
  A shadow imp (D:5)
  An ooze (D:4)
  An adder skeleton (D:2)
  3 dart slugs
  2 giant geckos (D:3)
  16 orcs
  10 giant cockroaches
  4 hobgoblins
  3 quokkas
  2 bats (D:1)
  A giant cockroach zombie (D:2)
  2 giant gecko skeletons (D:4)
  4 giant newts
  12 goblins
  11 kobolds
  8 rats
104 creatures vanquished.

Vanquished Creatures (collateral kills)
  An ice beast (D:5)
  An orc warrior (D:6)
  A scorpion (D:6)
  A gnoll (D:5)
  2 orcs (D:5)
6 creatures vanquished.

Vanquished Creatures (others)
  A human (D:5)
  23 toadstools
24 creatures vanquished.

Grand Total: 134 creatures vanquished

Notes
Turn   | Place    | Note
--------------------------------------------------------------
     0 | D:1      | santipi the Draconian Venom Mage began the quest for the Orb.
     0 | D:1      | Reached XP level 1. HP: 14/14 MP: 3/3
   247 | D:1      | Reached XP level 2. HP: 14/20 MP: 0/5
   472 | D:1      | Reached skill level 1 in Conjurations
   745 | D:1      | Reached XP level 3. HP: 20/26 MP: 1/6
  1006 | D:2      | Learned a level 3 spell: Mephitic Cloud
  1609 | D:3      | Reached XP level 4. HP: 20/33 MP: 3/7
  1665 | D:3      | Found a blossoming altar of Fedhas.
  1671 | D:3      | Became a worshipper of Fedhas Madash
  2068 | D:3      | Reached skill level 1 in Air Magic
  2337 | D:3      | Reached XP level 5. HP: 38/38 MP: 4/8
  2935 | D:4      | Reached skill level 5 in Poison Magic
  3035 | D:4      | Got a warped hand axe
  3319 | D:4      | Reached XP level 6. HP: 27/45 MP: 0/10
  3675 | D:4      | Learned a level 5 spell: Venom Bolt
  3718 | D:4      | Found a staircase to the Ecumenical Temple.
  4395 | D:4      | Reached skill level 5 in Conjurations
  4497 | D:5      | Entered Level 5 of the Dungeon
  4510 | D:5      | Your scales start taking on a dull iron-grey colour.
  4510 | D:5      | Reached XP level 7. HP: 45/50 MP: 6/11
  4510 | D:5      | Gained mutation: You can survive without breathing. [Grey Draconian growth]
  4625 | D:5      | Reached * piety under Fedhas
  5719 | D:5      | Found an ancient bone altar of Kikubaaqudgha.
  5719 | D:5      | Noticed a human
  5723 | D:5      | Killed a human
  5790 | D:5      | Found a snail-covered altar of Cheibriados.
  6264 | D:6      | Killed from afar by an orc priest

Skill      XL: |  1  2  3  4  5  6  7 |
---------------+----------------------+-----
Conjurations   | 1 2 3 5 6 |  6.0
Dodging        | 2 |  2.8
Air Magic      | 1 |  1.2
Poison Magic   | 5 6 |  6.4
Stealth        | |  1.7
Spellcasting   | |  2.7

Action                   |  1- 3 |  4- 6 |  7- 9 || total
-------------------------+-------+-------+-------++-------
Melee: Unarmed           |    22 |       |       ||    22
       Tailslap          |    10 |    25 |    18 ||    53
       Dagger            |    44 |   168 |   207 ||   419
 Cast: Sting             |    72 |   105 |   108 ||   285
       Mephitic Cloud    |     1 |     7 |     6 ||    14
Invok: Evolution         |       |       |     1 ||     1
  Use: Scroll            |     4 |     5 |     2 ||    11
       Potion            |     3 |     1 |     1 ||     5
 Stab: Confused          |       |       |     1 ||     1
  Eat: Chunk             |     2 |     5 |       ||     7
       Bread ration      |     1 |       |       ||     1
       Fruit             |       |     3 |       ||     3
       Meat ration       |       |     1 |     1 ||     2
Armor: Skin              |    39 |    73 |   117 ||   229
Dodge: Dodged            |    74 |   169 |   162 ||   405
